 Dungeon Crawl Stone Soup version 0.28-a0-511-gcc94558de3 (webtiles) character file.

Game seed: 9511338175390323634

1080 snetch the Chopper (level 8, -7/70 HPs)
             Began as a Minotaur Berserker on Sept 16, 2021.
             Was a Priest of Trog.
             Mangled by an ogre (13 damage)
             ... on level 6 of the Dungeon on Sept 21, 2021.
             The game lasted 00:12:22 (4637 turns).

snetch the Chopper (Minotaur Berserker)             Turns: 4637, Time: 00:12:23

Health: -7/70      AC: 11    Str: 23    XL:     8   Next: 8%
Magic:  7/7        EV:  8    Int:  4    God:    Trog [***...]
Gold:   181        SH:  3    Dex: 11    Spells: 7/7 levels left

rFire   . . .      SeeInvis .   a - +0 hand axe
rCold   . . .      Faith    .   x - +0 buckler
rNeg    . . .      Spirit   .   h - +0 chain mail
rPois   .          Reflect  .   (helmet restricted)
rElec   .          Harm     .   (no cloak)
rCorr   .          Rampage  .   (no gloves)
Will    .....                   m - +0 pair of boots
Stlth   ..........              (no amulet)
HPRegen 0.21/turn               (no ring)
MPRegen 0.10/turn               (no ring)

@: on berserk cooldown, hasted and slowed
A: horns 2, retaliatory headbutt
a: Renounce Religion, Berserk, Trog's Hand


You were on level 6 of the Dungeon.
You worshipped Trog.
Trog was most pleased with you.
You visited 1 branch of the dungeon, and saw 6 of its levels.

You collected 181 gold pieces.

Inventory:

Hand Weapons
 a - a +0 hand axe (weapon)
 b - a +3 flail
 c - a +2 falchion of flaming
Missiles
 d - 74 stones
 f - 128 bolts
 j - 13 sling bullets
 p - 49 arrows
 t - a throwing net
 v - 13 poisoned darts (quivered)
Armour
 h - a +0 chain mail (worn)
 m - a +0 pair of boots (worn)
 x - a +0 buckler (worn)
Scrolls
 g - 5 scrolls of blinking {unknown}
 i - 2 scrolls of brand weapon {unknown}
 n - a scroll of acquirement {unknown}
 o - a scroll of magic mapping {unknown}
 q - 3 scrolls of teleportation {unknown}
 r - 2 scrolls of identify {unknown}
Potions
 e - a potion of berserk rage {unknown}
 k - a potion of attraction {unknown}
 l - a potion of brilliance {unknown}
 s - a potion of resistance {unknown}
 u - 2 potions of heal wounds {unknown}
 w - a potion of invisibility {unknown}
 y - 3 potions of curing {unknown}
 z - 2 potions of haste


   Skills:
 + Level 6.1 Fighting
 + Level 7.0(7.6) Axes
 + Level 4.3(6.2) Maces & Flails
 + Level 1.3 Throwing
 + Level 5.6 Armour
 + Level 3.4 Dodging
 + Level 1.5 Stealth


You had 7 spell levels left.
You didn't know any spells.
Your spell library contained the following spells:

 Spells                   Type           Power      Damage    Failure   Level
 Animate Skeleton         Necr           0%         N/A       100%        1
 Apportation              Tloc           0%         N/A       100%        1
 Summon Small Mammal      Summ           0%         N/A       100%        1
 Blink                    Tloc           N/A        N/A       100%        2
 Lesser Beckoning         Tloc           0%         N/A       100%        3
 Alistair's Intoxication  Tmut/Pois      0%         N/A       100%        5
 Manifold Assault         Tloc           0%         N/A       100%        5
 Invisibility             Hex            0%         N/A       100%        6


Dungeon Overview and Level Annotations

Branches:
Dungeon (6/15)
 Temple: D:4-7

Altars:

Shops:
D:1 (   D:2 [


Innate Abilities, Weirdness & Mutations

You have a pair of horns on your head.
You reflexively headbutt those who attack you in melee.


Message History

The orc wizard gestures at you while chanting.
The magic dart hits you! Something hits you but does no damage.
A centaur zombie comes into view.
The ogre hits you with a +0 giant club!
Your shield and chain mail prevent you from hitting the ogre.
The ogre is lightly wounded.
You hit the orc wizard but do no damage.
You miss something.
The orc wizard hits you but does no damage.
Something completely misses you. The ogre hits you with a +0 giant club!
The orc wizard hits you but does no damage.
Something hits you but does no damage.
Unknown command.
You slash the ogre!
You headbutt the ogre, but do no damage.
The ogre is moderately wounded.
You closely miss the orc wizard. You hit the ogre. You hit something.
The ogre barely misses you. You furiously retaliate!
You headbutt the ogre!
The orc wizard hits you but does no damage.
You hear some strange, mumbled words.
A magic dart appears from out of thin air!
The magic dart hits you.
* * * LOW HITPOINT WARNING * * *
The ogre hits you but does no damage. You block the ogre's attack.
You slash the ogre! You headbutt the ogre.
The ogre is severely wounded.
You hit the orc wizard but do no damage.
You hit the ogre. You hit something. You barely miss the ogre.
The ogre barely misses you. You block the orc wizard's attack.
Something hits you but does no damage. The ogre barely misses you. x2
The orc wizard hits you with a +0 dagger.
* * * LOW HITPOINT WARNING * * *
You hear some strange, mumbled words.
A puff of flame appears from out of thin air!
The puff of flame hits you!
* * * LOW HITPOINT WARNING * * *
The ogre barely misses you.
It was a potion of haste.
You feel yourself speed up. The ogre hits you with a +0 giant club!
You die...

#####
#o@O#
#OO{#
#..5Z#
#...##
#....#
#....##
....⌠.
.......
####...


You could see 3 ogres, an orc wizard, a white imp and a centaur zombie.

Vanquished Creatures
  Sigmund (D:2)
  A necrophage (D:5)
  2 ogres
  A water moccasin zombie (D:5)
  A water moccasin skeleton (D:5)
  A bullfrog skeleton (D:4)
  An orc priest (D:6)
  A hound (D:6)
  2 centaur skeletons
  2 jellies (D:4)
  2 orc wizards
  Natasha (twice) (D:2)
  2 iguanas (D:4)
  A hound skeleton (D:4)
  3 gnolls
  7 adders
  5 worms
  3 dart slugs (D:1)
  8 orcs
  4 bats
  An endoplasm (D:3)
  16 giant cockroaches
  6 goblins
  6 hobgoblins
  6 jackals
  3 quokkas
  A ball python (D:2)
  4 frilled lizards
  5 kobolds
  2 rats
100 creatures vanquished.

Vanquished Creatures (others)
  5 toadstools (D:1)
5 creatures vanquished.

Grand Total: 105 creatures vanquished

Notes
Turn   | Place    | Note
-------+----------+-------------------------------------------
     0 | D:1      | snetch the Minotaur Berserker began the quest for the Orb.
     0 | D:1      | Reached XP level 1. HP: 19/19 MP: 0/0
   306 | D:1      | Reached XP level 2. HP: 20/27 MP: 1/1
   566 | D:1      | Reached skill level 4 in Axes
   665 | D:1      | Found Vaganyruu's Antique Weapon Shoppe.
   845 | D:1      | Reached XP level 3. HP: 33/33 MP: 2/2
   913 | D:1      | Found a faded altar of an unknown god.
   941 | D:2      | Found Suvvos Emet's Armour Shop.
   959 | D:2      | Noticed Natasha
   966 | D:2      | Killed Natasha
  1225 | D:2      | Reached ** piety under Trog
  1245 | D:2      | Reached XP level 4. HP: 38/41 MP: 3/3
  1492 | D:2      | Noticed Sigmund
  1503 | D:2      | Killed Sigmund
  1504 | D:2      | Reached skill level 5 in Fighting
  1504 | D:2      | Reached skill level 5 in Axes
  1504 | D:2      | Reached XP level 5. HP: 48/48 MP: 4/4
  1670 | D:3      | Reached XP level 6. HP: 48/56 MP: 5/5
  1848 | D:2      | Noticed Natasha
  1855 | D:2      | Killed Natasha
  2473 | D:1      | Upgraded the game from 0.28-a0-476-g0f06bd746f to
                  | 0.28-a0-511-gcc94558de3
  2741 | D:3      | Reached skill level 6 in Axes
  3303 | D:3      | Reached *** piety under Trog
  3592 | D:4      | Reached XP level 7. HP: 62/62 MP: 6/6
  3741 | D:5      | Entered Level 5 of the Dungeon
  3881 | D:5      | Reached skill level 1 in Maces & Flails
  4036 | D:4      | Reached skill level 1 in Throwing
  4306 | D:5      | Reached skill level 5 in Armour
  4309 | D:5      | Reached skill level 7 in Axes
  4604 | D:5      | Reached skill level 1 in Stealth
  4604 | D:5      | Reached XP level 8. HP: 67/70 MP: 7/7
  4637 | D:6      | Mangled by an ogre

Illustrated notes

Levels and vault maps discovered:
D:1:      ldierk_walled_garden, layout_loops_ring,
          dilly_ecumenical_altar_fadedgnrine, serial_shops, shop
D:2:      minmay_roachtagon, layout_basic, serial_shops, shop, uniq_natasha,
          uniq_sigmund
D:3:      layout_loops_ring
D:4:      layout_loops_ring
D:5:      layout_cave_pools, serial_bayou_pond_e, kennysheep_big_empty_room
D:6:      layout_basic, gammafunk_temple_overflow_elements, ebering_ghost_gozag,
          grunt_ministairs_12, amcnicky_mini_corridor_feature, minmay_bent

Skill      XL: |  1  2  3  4  5  6  7 |
---------------+----------------------+-----
Armour         | 3 4 5 |  5.6
Axes           | 4 5 6 7 |  7.0
Fighting       | 4 5 6 |  6.1
Dodging        | 3 |  3.4
Maces & Flails | 4 |  4.3
Throwing       | 1 |  1.3
Stealth        | 1 |  1.5

Action                   |  1- 3 |  4- 6 |  7- 9 || total
-------------------------+-------+-------+-------++-------
Melee: Hand axe          |    54 |   115 |    16 ||   185
       Headbutt          |     3 |    18 |    17 ||    38
       Flail             |       |       |    53 ||    53
Throw: Dart              |       |     7 |       ||     7
Invok: Berserk           |     2 |     1 |     2 ||     5
       Trog's Hand       |       |     1 |     1 ||     2
  Use: Potion            |       |       |     1 ||     1
Armor: Animal skin       |    10 |     1 |       ||    11
       Scale mail        |       |    30 |       ||    30
       Chain mail        |       |     5 |    62 ||    67
Dodge: Dodged            |    40 |    59 |    43 ||   142
Block: Buckler           |       |       |     9 ||     9

Table legend: (Time is in decaauts)
 A = Elapsed time spent in this place.
 B = Non-inter-level travel time spent in this place.
 C = Inter-level travel time spent in this place.
 D = Time resting spent in this place.
 E = Time spent auto-exploring this place.
 F = Levels seen in this place.
 G = Mean time per level.
                   A        B        C        D        E       F      G
               +--------+--------+--------+--------+--------+-----+--------+
         Total |   4707 |   4496 |    211 |    132 |   3122 |   6 |  784.5 |
       Dungeon |   4707 |   4496 |    211 |    132 |   3122 |   6 |  784.5 |
               +--------+--------+--------+--------+--------+-----+--------+

Top non-repeatable levels by time:
     D:2: 1539 daAuts
     D:1: 1133 daAuts
     D:3: 829 daAuts
     D:4: 671 daAuts
     D:5: 516 daAuts
     D:6: 16 daAuts
